 Dungeon Crawl Stone Soup version 0.26.1-2-gb8aa6d0cf2 (webtiles) character file.

Game seed: 8600892358550880928

1162 Ladykiller69 the Cleaver (level 8, -4/69 HPs)
             Began as a Hill Orc Gladiator on Mar 19, 2021.
             Killed by divine providence
             ... invoked by an orc priest
              (11 damage)
             ... on level 6 of the Dungeon.
             The game lasted 00:09:29 (6480 turns).

Ladykiller69 the Cleaver (Hill Orc Gladiator)       Turns: 6480, Time: 00:09:29

Health: -4/69      AC: 13    Str: 19    XL:     8   Next: 40%
Magic:  8/8        EV:  9    Int:  8    God:
Gold:   288        SH:  0    Dex: 12    Spells: 7/7 levels left

rFire    . . .     SeeInvis .   a - +0 war axe
rCold    . . .     Faith    .   (no shield)
rNeg     . . .     Spirit   .   w - +0 chain mail
rPois    .         Reflect  .   c - +0 helmet
rElec    .         Harm     .   x - +0 cloak
rCorr    .         Rampage  .   q - +0 pair of gloves
Will     .....                  (no boots)
Stlth    ..........             (no amulet)
HPRegen  0.21/turn              (no ring)
MPRegen  0.11/turn              (no ring)

@: no status effects
A: no striking features
a: Convert to Beogh


You were on level 6 of the Dungeon.
You visited 1 branch of the dungeon, and saw 6 of its levels.

You collected 288 gold pieces.

Inventory:

Hand Weapons
 a - a +0 war axe (weapon)
Missiles
 d - 3 throwing nets (quivered)
 D - 14 poisoned darts
Armour
 c - a +0 helmet (worn)
 q - a +0 pair of gloves (worn)
 w - a +0 chain mail (worn)
 x - a +0 cloak (worn)
Jewellery
 e - a cursed amulet of inaccuracy {unknown}
 z - a +6 ring of dexterity
Wands
 t - a wand of digging (7)
 A - a wand of iceblast (10)
 B - a wand of flame (19)
Scrolls
 f - a scroll of noise {unknown}
 g - 3 scrolls of identify {unknown}
 h - 4 scrolls of teleportation {unknown}
 j - 8 scrolls of remove curse {unknown}
 k - a scroll of amnesia {unknown}
 n - 2 scrolls of enchant weapon {unknown}
 s - a scroll of magic mapping {unknown}
 u - a scroll of immolation {unknown}
 y - a scroll of fear {unknown}
 C - a scroll of blinking {unknown}
 E - 2 scrolls of enchant armour {unknown}
 F - a scroll of fog {unknown}
Potions
 b - 2 potions of heal wounds {unknown}
 i - 5 potions of flight {unknown}
 l - a potion of mutation {unknown}
 m - 3 potions of haste {unknown}
 o - 2 potions of curing {unknown}
 p - 3 potions of lignification {unknown}
 r - a potion of berserk rage {unknown}
 v - 2 potions of degeneration {unknown}


   Skills:
 + Level 5.6 Fighting
 * Level 9.0 Axes
 - Level 2.1 Throwing
 + Level 4.1 Armour
 + Level 4.4 Dodging


You had 7 spell levels left.
You didn't know any spells.
Your spell library contained the following spells:

 Spells                   Type           Power        Failure   Level
 Beastly Appendage        Tmut           0%           99%         1
 Sting                    Tmut/Pois      0%           99%         1
 Poisonous Vapours        Pois/Air       0%           100%        2
 Wereblood                Tmut           0%           100%        2
 Ignite Poison            Fire/Tmut/Pois 0%           100%        3
 Mephitic Cloud           Conj/Pois/Air  0%           100%        3
 Spider Form              Tmut/Pois      0%           100%        3
 Ice Form                 Ice/Tmut       0%           100%        4
 Olgreb's Toxic Radiance  Pois           0%           100%        4
 Blade Hands              Tmut           0%           100%        5


Dungeon Overview and Level Annotations

Branches:
Dungeon (6/15)
 Temple: D:4-7

Altars:
Cheibriados
Gozag
The Shining One

Annotations:
D:3 Sigmund
D:4 2 transporters, exclusion: door, Tsundere's ghost, amateur HOBe


Message History

Beogh smites you!
You slash the orc priest!
The orc priest is heavily wounded.
You closely miss the orc priest.
The orc priest is heavily wounded.
The orc priest calls upon Beogh to heal the orc priest.
The orc priest is healed somewhat.
The orc priest mumbles some strange prayers to Beogh against you.
Beogh smites you! The orc warrior closely misses you.
The orc priest invokes the aid of Beogh against you.
Beogh smites you!
The orc priest calls down the wrath of Beogh upon you.
Beogh smites you!
* * * LOW HITPOINT WARNING * * *
The orc priest looks braver for a moment.
The orc priest calls upon Beogh to heal the orc priest.
The orc priest's wounds heal themselves!
The orc priest mumbles some strange prayers to Beogh against you.
Beogh smites you!
You die...

#..#
##..........###.
#o##
#............#..
#..##
#..............#
##..#
#.............##
##.##
#............##
#.o####........<.##
##.o# #.........##
##.###........##
#.@###......##
##..##.....##
#...###..##
##...##.## ##..#..#
#....## ##..## #.##
##.#


You could see an orc warrior and 2 orc priests.

Vanquished Creatures
  Duvessa (D:6)
  An orc warrior (D:6)
  3 ogres
  A bullfrog (D:5)
  Dowan (D:6)
  A centaur zombie (D:6)
  2 hounds (D:5)
  A centaur skeleton (D:6)
  An iguana (D:5)
  A bullfrog skeleton (D:5)
  An orc priest (D:4)
  2 orc wizards
  Natasha (twice) (D:2)
  A worker ant (D:5)
  Robin (D:2)
  5 adders (D:3)
  A white imp (D:6)
  An ufetubus (D:4)
  4 oozes
  An adder zombie (D:6)
  2 worms (D:3)
  3 dart slugs
  4 leopard geckos
  25 orcs
  9 bats
  6 giant cockroaches
  12 hobgoblins
  10 jackals
  8 kobolds
  2 quokkas
  2 ball pythons
  2 frilled lizards
  17 goblins
  A quokka skeleton (D:4)
  3 rats (D:1)
138 creatures vanquished.

Notes
Turn   | Place    | Note
-------+----------+-------------------------------------------
     0 | D:1      | Ladykiller69 the Hill Orc Gladiator began the quest for the
                  | Orb.
     0 | D:1      | Reached XP level 1. HP: 18/18 MP: 1/1
    33 | D:1      | Reached XP level 2. HP: 25/25 MP: 2/2
   290 | D:1      | Reached XP level 3. HP: 26/30 MP: 3/3
  1048 | D:2      | Reached skill level 5 in Axes
  1194 | D:2      | Noticed Natasha
  1199 | D:2      | Killed Natasha
  1200 | D:2      | Reached XP level 4. HP: 32/38 MP: 4/4
  1307 | D:2      | Noticed Robin
  1316 | D:2      | Reached skill level 1 in Armour
  1329 | D:2      | Killed Robin
  1706 | D:2      | Found an opulent altar of Gozag.
  1919 | D:2      | Found a snail-covered altar of Cheibriados.
  2093 | D:2      | Noticed Natasha
  2098 | D:2      | Killed Natasha
  2099 | D:2      | Reached XP level 5. HP: 36/45 MP: 5/5
  2326 | D:3      | Reached skill level 6 in Axes
  2638 | D:3      | Reached XP level 6. HP: 42/52 MP: 6/6
  2800 | D:3      | Noticed Sigmund
  3264 | D:4      | Noticed Tsundere's ghost (amateur HOBe)
  3278 | D:4      | Found a transporter.
  3307 | D:4      | Found a transporter.
  3341 | D:4      | Found a glowing golden altar of the Shining One.
  4060 | D:4      | Reached skill level 7 in Axes
  4380 | D:4      | Reached XP level 7. HP: 29/60 MP: 7/7
  4752 | D:5      | Entered Level 5 of the Dungeon
  5554 | D:6      | Reached skill level 8 in Axes
  5612 | D:6      | Noticed Dowan
  5612 | D:6      | Noticed Duvessa
  5635 | D:6      | Killed Dowan
  5636 | D:6      | Reached skill level 5 in Fighting
  5678 | D:5      | Reached XP level 8. HP: 40/68 MP: 8/8
  6063 | D:6      | Killed Duvessa
  6087 | D:5      | Reached skill level 9 in Axes
  6480 | D:6      | Killed from afar by an orc priest

Illustrated notes

Levels and vault maps discovered:
D:1:      lemuel_arrival_cross, layout_basic
D:2:      layout_basic, overflow_temple_1_default, cheibriados_altar_1,
          uniq_robin, uniq_natasha
D:3:      layout_rooms, uniq_sigmund, uniq_crazy_yiuf_cottage
D:4:      layout_basic, gammafunk_ghost_stat_death, tso_metal_star
D:5:      layout_rooms, chequers_serial_rivers_small_3
D:6:      layout_cave_pods, uniq_duvessa

Skill      XL: |  1  2  3  4  5  6  7  8 |
---------------+-------------------------+-----
Throwing       | 2 |  2.1
Fighting       | 3 4 5 |  5.6
Axes           | 5 6 7 8 9 |  9.0
Armour         | 1 2 3 4 |  4.1
Dodging        | 3 4 |  4.4

Action                   |  1- 3 |  4- 6 |  7- 9 || total
-------------------------+-------+-------+-------++-------
Melee: War axe           |    67 |   224 |   122 ||   413
Throw: Throwing net      |       |     2 |       ||     2
 Stab: Held in net/web   |       |     1 |       ||     1
Armor: Leather armour    |    20 |       |       ||    20
       Scale mail        |     5 |   106 |       ||   111
       Chain mail        |       |    29 |    89 ||   118
Dodge: Dodged            |    48 |   174 |    57 ||   279
